 Dungeon Crawl Stone Soup version 0.23.2-30-g0e89c35 (webtiles) character file.

Game seed: 14141765898029810692

602 Fortress the Magician (level 7, -2/50 HPs)
             Began as a Purple Draconian Fire Elementalist on June 12, 2019.
             Was an Initiate of Vehumet.
             Slain by a worker ant (5 damage)
             ... on level 4 of the Dungeon.
             The game lasted 00:21:44 (4581 turns).

Fortress the Magician (DrFE)                        Turns: 4581, Time: 00:21:45

Health: -2/50      AC:  6    Str: 11    XL:     7   Next: 18%
Magic:  1/15       EV: 12    Int: 17    God:    Vehumet [......]
Gold:   189        SH:  0    Dex: 11    Spells: 16/17 levels left

rFire    . . .     SeeInvis .   c - +0 short sword
rCold    . . .     Gourm    .   (no shield)
rNeg     . . .     Faith    .   (armour unavailable)
rPois    .         Spirit   .   (helmet restricted)
rElec    .         Reflect  .   (no cloak)
rCorr    .         Harm     .   (no gloves)
MR       +....                  (no boots)
Stlth    ++........             (no amulet)
HPRegen  0.16/turn              (no ring)
MPRegen  0.14/turn              (no ring)

@: lethally poisoned (-2 -> -3)
A: breathe power, unfitting armour, cold-blooded, AC +6
a: Breathe Dispelling Energy, Renounce Religion


You were on level 4 of the Dungeon.
You worshipped Vehumet.
Vehumet was noncommittal.
You were hungry.

You visited 1 branch of the dungeon, and saw 5 of its levels.

You collected 189 gold pieces.

Inventory:

Hand Weapons
 c - a +0 short sword (weapon)
 p - a +0 arbalest
Missiles
 a - 148 stones (quivered)
 k - 12 poisoned needles
 n - 24 sling bullets
Jewellery
 r - a cursed ring of teleportation {unknown}
Scrolls
 d - 3 scrolls of identify {unknown}
 e - a scroll of fog {unknown}
 g - a scroll of enchant armour {unknown}
 h - a scroll of teleportation
 i - 3 scrolls of fear {unknown}
 m - a scroll of random uselessness {unknown}
 q - a scroll of remove curse {unknown}
Potions
 j - a potion of flight {unknown}
 l - 2 potions of lignification {unknown}
 o - a potion of brilliance {unknown}
Comestibles
 b - 7 rations


   Skills:
 - Level 0.3 Short Blades
 - Level 2.0 Dodging
 - Level 2.0 Stealth
 + Level 5.6 Spellcasting
 + Level 4.0 Conjurations
 + Level 5.2 Fire Magic


You had 16 spell levels left.
You knew the following spells:

 Your Spells              Type           Power        Failure   Level  Hunger
a - Flame Tongue          Conj/Fire      ###..        1%          1    None

Your spell library contained the following spells:

 Spells                   Type           Power        Failure   Level  Hunger
 Throw Flame              Conj/Fire      ###...       3%          2    #......
 Conjure Flame            Conj/Fire      ###.....     6%          3    ##.....
 Inner Flame              Hex/Fire       ##......     14%         3    ##.....
 Sticky Flame             Conj/Fire      ###.....     21%         4    ####...
 Fireball                 Conj/Fire      ###.......   50%         5    ######.


Dungeon Overview and Level Annotations

Branches:
Dungeon (5/15)
 Temple: D:4-7

Altars:
Ashenzari
Gozag
Makhleb
Vehumet
Wu Jian


Innate Abilities, Weirdness & Mutations

You can breathe bolts of dispelling energy.
Your rich purple scales are hard. (AC +6)
You cannot fit into any form of body armour.
You are cold-blooded and may be slowed by cold attacks.


Message History

Aim: a worker ant (heavily wounded)
The flame tongue hits the worker ant.
The worker ant is severely wounded.
You feel sick. The worker ant closely misses you.
You hit the worker ant but do no damage.
The worker ant is severely wounded.
The worker ant barely misses you. x2
You barely miss the worker ant.
The worker ant is severely wounded.
The worker ant barely misses you.
You barely miss the worker ant.
The worker ant is severely wounded.
You feel sick. The worker ant bites you.
* * * LOW HITPOINT WARNING * * *
You hit the worker ant but do no damage.
The worker ant is severely wounded.
The worker ant bites you.
* * * LOW HITPOINT WARNING * * *
The worker ant bites you.
You die...

#.# #.# #.# #.# #.#
#######.# #.# #....##.#
#####.# #....##.#
#...#.# #....##.#
#...#.# #....##.#
#...#.####[...##)#####
'..............[@a...#
#........###########.#
#...........# #.#######
#........##.# #....[..#
#........<#.# #######.#
####.....##.###########
#.#
#.######.#.........#
#.# # #[# #.#.........#
#.# # #.# #.#.........#
#.#


You could see a worker ant.

Vanquished Creatures
  Sigmund (D:4)
  An ogre (D:3)
  3 orc wizards
  A centaur skeleton (D:4)
  Natasha (thrice) (D:2)
  2 worker ants (D:4)
  2 adders
  3 worms
  A dart slug (D:1)
  A leopard gecko (D:2)
  9 orcs
  A giant cockroach (D:4)
  8 goblins
  10 hobgoblins
  4 jackals (D:1)
  A ball python (D:1)
  10 bats
  6 frilled lizards
  A jackal skeleton (D:4)
  11 kobolds
  9 rats
88 creatures vanquished.

Notes
Turn   | Place    | Note
-------+----------+-------------------------------------------
     0 | D:1      | Fortress the Draconian Fire Elementalist began the quest
                  | for the Orb.
     0 | D:1      | Reached XP level 1. HP: 14/14 MP: 3/3
   252 | D:1      | Reached XP level 2. HP: 20/20 MP: 0/5
   928 | D:1      | Reached XP level 3. HP: 26/26 MP: 0/6
  1747 | D:2      | Noticed Natasha
  1757 | D:2      | Killed Natasha
  1757 | D:2      | Reached XP level 4. HP: 3/33 MP: 1/8
  2176 | D:2      | Noticed Natasha
  2188 | D:2      | Killed Natasha
  2616 | D:2      | Noticed Natasha
  2626 | D:2      | Killed Natasha
  2792 | D:3      | Reached XP level 5. HP: 38/38 MP: 7/9
  2966 | D:3      | Found a radiant altar of Vehumet.
  2980 | D:3      | Became a worshipper of Vehumet
  3458 | D:4      | Noticed an ogre
  3555 | D:4      | Found a burning altar of Makhleb.
  3566 | D:4      | Found an opulent altar of Gozag.
  3566 | D:4      | Found a shattered altar of Ashenzari.
  3566 | D:4      | Found an ornate altar of the Wu Jian Council.
  3669 | D:4      | Noticed Sigmund
  3677 | D:4      | Killed Sigmund
  3677 | D:4      | Reached XP level 6. HP: 29/45 MP: 0/12
  4012 | D:3      | Reached skill level 5 in Fire Magic
  4276 | D:4      | Your scales start taking on a rich purple colour.
  4276 | D:4      | Reached skill level 5 in Spellcasting
  4276 | D:4      | Reached XP level 7. HP: 40/50 MP: 7/15
  4553 | D:5      | Entered Level 5 of the Dungeon
  4581 | D:4      | Slain by a worker ant

Skill      XL: |  1  2  3  4  5  6  7 |
---------------+----------------------+-----
Dodging        | 2 |  2.0
Stealth        | 2 |  2.0
Spellcasting   | 3 4 5 |  5.6
Conjurations   | 2 3 4 |  4.0
Fire Magic     | 4 5 |  5.2
Short Blades   | |  0.3

Action                   |  1- 3 |  4- 6 |  7- 9 || total
-------------------------+-------+-------+-------++-------
Melee: Club              |     2 |       |       ||     2
       Short sword       |    42 |    29 |     9 ||    80
       Tailslap          |     6 |     2 |     1 ||     9
Throw: Stone             |       |     1 |       ||     1
 Cast: Flame Tongue      |    56 |    97 |    26 ||   179
  Use: Scroll            |       |     1 |       ||     1
       Potion            |       |       |     2 ||     2
 Stab: Sleeping          |     1 |     2 |       ||     3
  Eat: Chunk             |     3 |     5 |       ||     8
       Ration            |       |     1 |       ||     1
Armor: Skin              |    15 |    12 |    17 ||    44
Dodge: Dodged            |    35 |    49 |    28 ||   112
